 Dungeon Crawl Stone Soup version 0.22-a0-512-g0943f25562 (webtiles) character file.

18116 M4edhros the Spear-Bearer (level 12, -10/72 HPs)
             Began as an Octopode Necromancer on June 18, 2018.
             Was a High Priest of Ashenzari.
             Mangled by a chaos spawn (13 damage)
             ... summoned by an orc sorcerer
             ... led by an orc knight
             ... while paralysed by an orc sorcerer
             ... on level 1 of the Orcish Mines.
             The game lasted 00:32:44 (6351 turns).

M4edhros the Spear-Bearer (Octopode Necromancer)    Turns: 6351, Time: 00:32:45

Health: -10/72     AC:  6    Str:  8    XL:     12   Next: 55%
Magic:  20/20      EV:  2    Int: 23    God:    Ashenzari [*****.]
Gold:   773        SH:  0    Dex: 16    Spells: 9/22 levels left

rFire    . . .     SeeInvis +   d - +1 trident (curse)
rCold    . . .     Gourm    .   a - +1 shield {AC+3} (curse)
rNeg     . . .     Faith    .   s - +2 hat
rPois    .         Spirit   .   C - amulet of magic regeneration
rElec    .         Reflect  .   g - +5 ring of intelligence (curse)
rCorr    .         Harm     .   u - +6 ring of slaying (curse)
MR       .....     Clarity  +   (no ring)
Stlth    ++++......             (no ring)
HPRegen  0.22/turn              (no ring)
MPRegen  0.42/turn              (no ring)
                                (no ring)
                                (no ring)

@: paralysed
A: almost no armour, stealthy swim, amphibious, 8 rings, constrict 8, tentacle
spike 1, camouflage 1, wild magic 1, gelatinous body 1
a: Curse Item, Scrying, Transfer Knowledge, Renounce Religion


You were on level 1 of the Orcish Mines.
You worshipped Ashenzari.
Ashenzari was extremely pleased with you.
You were not hungry.

You visited 3 branches of the dungeon, and saw 16 of its levels.

You collected 773 gold pieces.

Inventory:

Hand Weapons
 d - a cursed +1 trident (weapon)
 v - a +2 trident
Missiles
 m - 7 needles of sleeping
Armour
 a - a cursed +1 shield of protection (worn)
 l - a +1 large shield
 s - a +2 hat (worn)
Jewellery
 g - a cursed +5 ring of intelligence (left tentacle)
 u - a cursed +6 ring of slaying (right tentacle)
 C - an amulet of magic regeneration (around mantle)
Wands
 o - a wand of polymorph (7)
 x - a wand of flame (43)
Scrolls
 i - 2 scrolls of blinking
 j - 3 scrolls of amnesia
 k - 3 scrolls of teleportation
 p - 8 scrolls of remove curse
 q - a scroll of brand weapon {unknown}
 r - 2 scrolls of magic mapping
 t - a scroll of noise
 y - a scroll of immolation
 B - a scroll of identify
Potions
 e - a potion of brilliance {unknown}
 f - a potion of might
 h - 2 potions of berserk rage
 n - a potion of resistance
 z - a potion of magic {unknown}
 A - 3 potions of curing
 E - a potion of lignification {unknown}
Miscellaneous
 D - a lamp of fire (inert)
Comestibles
 b - 13 rations
 c - 5 chunks of flesh


   Skills:
 - Level 3.5 Fighting
 * Level 10.3(14.0) Polearms
 + Level 7.7 Dodging
 - Level 5.9 Stealth
 * Level 10.0(12.4) Shields
 - Level 1.7 Unarmed Combat
 + Level 5.9 Spellcasting
 - Level 5.4 Charms
 - Level 5.4 Summonings
 - Level 4.0 Necromancy
 + Level 2.3 Ice Magic
 + Level 3.6 Air Magic


You had 9 spell levels left.
You knew the following spells:

 Your Spells              Type           Power        Failure   Level  Hunger
a - Pain                  Necr           ####         4%          1    None
b - Regeneration          Chrm/Necr      #####.....   8%          3    #......
c - Animate Skeleton      Necr           N/A          4%          1    None
d - Summon Lightning Spi  Summ/Air       #####...     26%         4    ###....
e - Summon Ice Beast      Ice/Summ       ####....     30%         4    ###....

Your spell library contained the following spells:

 Spells                   Type           Power        Failure   Level  Hunger
 Summon Small Mammal      Summ           ####         2%          1    None
 Animate Dead             Necr           N/A          30%         4    ###....
 Vampiric Draining        Necr           ####......   11%         3    #......
 Call Imp                 Summ           #####...     3%          2    None
 Call Canine Familiar     Summ           #####...     6%          3    #......
 Summon Guardian Golem    Hex/Summ       ####....     17%         3    #......


Dungeon Overview and Level Annotations

Branches:
Dungeon (11/15)              Lair (4/6) D:11         Spider (0/4) Lair:2
    Orc (1/2) D:9
 Temple: D:4-7        Swamp: Lair:2-4    Shoals: Lair:2-4

Altars:
Ashenzari
Elyvilon
Gozag
Kikubaaqudgha
Trog
Vehumet
Wu Jian
Zin

Annotations:
D:6 1 runed door, Dowan; Duvessa; tamionv's ghost, novice GrFi
D:8 Gastronok
Lair:3 3 runed doors, exclusion: oklob plant, Ilifut's ghost, journeyman DDBe


Innate Abilities, Weirdness & Mutations

You cannot wear most types of armour.
You are very stealthy in the water. (Stealth+)
You are amphibious.
You can wear up to eight rings at the same time.
You can use your tentacles to constrict eight enemies at once.
Your skin changes colour to match your surroundings (Stealth+).
Your rubbery body absorbs attacks. (AC +1, EV +1)
One of your tentacles bears a spike.
Your spells are a little harder to cast, but a little more powerful.


Message History

The orc knight returns to its original shape as it dies.
Your base Shields skill increases to level 10!
The orc sorcerer gestures at you while chanting.
You suddenly lose the ability to move!
The chaos spawn gores you!
You are engulfed in flames!
The orc sorcerer hits you with a dagger.
* * * LOW HITPOINT WARNING * * *
The chaos spawn hits you.
* * * LOW HITPOINT WARNING * * *
You are engulfed in flames!
* * * LOW HITPOINT WARNING * * *
The orc sorcerer hits you but does no damage.
The chaos spawn hits you.
* * * LOW HITPOINT WARNING * * *
The chaos spawn draws strength from your injuries!
The orc hits you with a club.
* * * LOW HITPOINT WARNING * * *
The orc sorcerer hits you but does no damage.
The chaos spawn hits you!
You die...

....... .#.*,.. > , *
#...§.... ,... , # *##*
#.....#.# .#.. ,
**.##.####...§#..#.....
, ,,
,....##......>.......,
#..#.#...§......#, , ,
###.......§O.....#...
#.##.......o#†o....##*
,,
.......<...o4@o......#
,,, *
......................o
, *
...................#....
, *
.##.##.............##...
,, *#*
###.#.##.#.#.##*### ,
############ *


You could see a chaos spawn, an orc sorcerer, 2 orc warriors, an ogre and an
orc.

Vanquished Creatures
  Erica (D:8)
  A two-headed ogre (D:9)
  A sea snake (Orc:1)
  10 elephants
  4 komodo dragons
  A rime drake (Lair:2)
  A troll (Orc:1)
  3 blink frogs (Lair:2)
  A polar bear (Lair:3)
  A hornet (Lair:2)
  2 hippogriffs
  28 yaks
  A hungry ghost (D:9)
  3 basilisks
  A wyvern (Lair:4)
  5 water moccasins
  5 porcupines
  2 orc warriors
  2 black bears
  An ice beast (D:10)
  3 sky beasts
  3 phantoms
  2 necrophages (D:10)
  3 ogres
  5 crocodiles
  A big kobold (D:9)
  Blork the orc (D:6)
  7 bullfrogs
  2 scorpions
  A troll zombie (D:9)
  12 killer bees
  5 wights (D:8)
  A crimson imp (D:7)
  2 quasits
  A bullfrog zombie (D:10)
  A centaur skeleton (D:4)
  3 orc priests
  A bullfrog skeleton (D:8)
  A centaur zombie (D:5)
  An iguana (D:9)
  7 orc wizards
  3 hounds
  Ijyb (D:4)
  4 worker ants
  7 ogre zombies (D:9)
  2 hound zombies
  A worker ant zombie (D:6)
  9 adders
  A river rat (D:11)
  A shadow imp (D:5)
  An ooze (D:1)
  7 worms
  5 dart slugs
  5 leopard geckos
  20 orcs
  8 bats
  11 giant cockroaches
  5 goblins
  5 hobgoblins
  5 jackals
  A quokka (D:8)
  3 ball pythons
  3 frilled lizards
  A goblin skeleton (D:9)
  A goblin zombie (D:9)
  4 hobgoblin skeletons (D:9)
  4 hobgoblin zombies (D:9)
  13 kobolds
  An orc skeleton (D:9)
  13 orc zombies (D:9)
  5 rats
287 creatures vanquished.

Vanquished Creatures (others)
  6 fungi
  A plant (Lair:3)
7 creatures vanquished.

Grand Total: 294 creatures vanquished

Notes
Turn   | Place    | Note
-------+----------+-------------------------------------------
     0 | D:1      | M4edhros the Octopode Necromancer began the quest for the Orb.
     0 | D:1      | Reached XP level 1. HP: 11/11 MP: 3/3
    66 | D:1      | Reached skill level 1 in Unarmed Combat
   103 | D:2      | Reached XP level 2. HP: 7/17 MP: 3/5
   180 | D:3      | Found a faded altar of an unknown god.
   188 | D:3      | Became a worshipper of Ashenzari the Shackled
   188 | D:3      | Reached * piety under Ashenzari
   627 | D:1      | Reached XP level 3. HP: 20/22 MP: 6/6
   632 | D:1      | Learned a level 3 spell: Regeneration
   730 | D:1      | Reached skill level 1 in Polearms
   786 | D:2      | Found a bloodstained altar of Trog.
   790 | D:2      | Learned a level 1 spell: Animate Skeleton
   822 | D:2      | Reached skill level 1 in Fighting
   829 | D:2      | Reached XP level 4. HP: 21/28 MP: 7/7
  1034 | D:2      | Reached XP level 5. HP: 33/33 MP: 6/8
  1377 | D:4      | Reached ** piety under Ashenzari
  1395 | D:3      | Reached skill level 1 in Shields
  1587 | D:4      | Reached XP level 6. HP: 21/39 MP: 9/9
  1754 | D:4      | Noticed Ijyb
  1771 | D:4      | Killed Ijyb
  1837 | D:5      | Entered Level 5 of the Dungeon
  1849 | D:5      | Noticed a water moccasin
  1862 | D:5      | Killed a water moccasin
  1862 | D:5      | Reached XP level 7. HP: 34/45 MP: 6/10
  1879 | D:5      | Found an ornate altar of the Wu Jian Council.
  2028 | D:5      | Reached skill level 5 in Stealth
  2261 | D:6      | Found a runed door.
  2261 | D:6      | Noticed tamionv's ghost (novice GrFi)
  2296 | D:6      | Noticed Blork the orc
  2313 | D:6      | Killed Blork the orc
  2313 | D:6      | Reached XP level 8. HP: 30/52 MP: 3/11
  2516 | D:6      | Noticed Dowan
  2520 | D:6      | Noticed Duvessa
  2544 | D:7      | Reached *** piety under Ashenzari
  2577 | D:6      | Reached skill level 5 in Polearms
  2745 | D:7      | Gained mutation: One of your tentacles bears a spike. [potion of mutation]
  2745 | D:7      | Gained mutation: Your spells are a little harder to cast, but a little more powerful. [potion of mutation]
  2857 | D:7      | Learned a level 4 spell: Summon Lightning Spire
  2984 | D:8      | Noticed Gastronok
  3007 | D:8      | Reached skill level 1 in Summonings
  3038 | D:8      | Found an opulent altar of Gozag.
  3052 | D:8      | Reached skill level 1 in Charms
  3065 | D:8      | Reached skill level 5 in Shields
  3068 | D:8      | Reached XP level 9. HP: 28/57 MP: 12/12
  3102 | D:8      | Found a radiant altar of Vehumet.
  3102 | D:8      | Found an ancient bone altar of Kikubaaqudgha.
  3104 | D:8      | Found a glowing silver altar of Zin.
  3289 | D:8      | Reached skill level 5 in Dodging
  3604 | D:9      | Reached XP level 10. HP: 63/63 MP: 15/15
  3638 | D:9      | Found a staircase to the Orcish Mines.
  3759 | D:9      | Noticed a two-headed ogre
  3769 | D:9      | Killed a two-headed ogre
  3776 | D:9      | Found a white marble altar of Elyvilon.
  3910 | D:8      | Noticed Erica
  3960 | D:8      | Killed Erica
  4139 | D:10     | Entered Level 10 of the Dungeon
  4161 | D:10     | Reached XP level 11. HP: 46/67 MP: 17/17
  4364 | D:11     | Noticed a death yak
  4365 | D:11     | Found a staircase to the Lair.
  4476 | D:10     | Reached **** piety under Ashenzari
  4501 | D:11     | Noticed a death yak
  4518 | D:11     | Noticed a death yak
  4606 | D:11     | Found an ornate altar of the Wu Jian Council.
  4670 | Lair:1   | Entered Level 1 of the Lair of Beasts
  4706 | Lair:1   | Identified a scroll of acquirement
  5071 | Lair:2   | Reached skill level 5 in Spellcasting
  5071 | Lair:2   | Reached skill level 1 in Air Magic
  5149 | Lair:2   | Reached skill level 5 in Summonings
  5201 | Lair:2   | Reached skill level 5 in Charms
  5544 | Lair:3   | Learned a level 4 spell: Summon Ice Beast
  5563 | Lair:3   | Found a runed gate.
  5563 | Lair:3   | Found a runed gate.
  5565 | Lair:3   | Found a runed gate.
  5565 | Lair:3   | Noticed Ilifut's ghost (journeyman DDBe)
  5585 | Lair:2   | Reached XP level 12. HP: 72/72 MP: 20/20
  5605 | Lair:2   | Found a hole to the Spider Nest.
  5762 | Lair:3   | Reached skill level 1 in Ice Magic
  5874 | Lair:4   | Reached ***** piety under Ashenzari
  5874 | Lair:4   | Noticed a six-headed hydra
  5891 | Lair:4   | Noticed Sonja
  5900 | Lair:4   | Noticed Sonja
  5900 | Lair:4   | Sonja changed into Sonja the wyvern
  5909 | Lair:4   | Killed Sonja the wyvern
  5963 | Lair:4   | Reached skill level 10 in Polearms
  6322 | Orc:1    | Entered Level 1 of the Orcish Mines
  6348 | Orc:1    | Reached skill level 10 in Shields
  6348 | Orc:1    | Paralysed by an orc sorcerer for 4 turns
  6351 | Orc:1    | HP: 3/72 [orc/club[an orc knight] (1)]
  6351 | Orc:1    | Mangled by a chaos spawn

Vault maps used:
D:1:      evilmike_arrival_run_for_it, grunt_decor_arrowhead, nrook_uturn,
          minmay_tromino_v4_c
D:2:      lemuel_crystal_altar, minmay_misc_feat_enclosed, minmay_mini_jars
D:3:      nemelex_xobeh_ov_fountains_minmay, first_ration,
          chequers_ecumenical_altar_island, minmay_misc_feat_secret_circle
D:4:      gammafunk_ghost_grave, uniq_ijyb
D:5:      old_standard_altar, uniq_grinder
D:6:      minmay_temple_entry_enclosed_plants, gammafunk_ghost_grave,
          uniq_duvessa, uniq_blork_the_orc
D:7:      hangedman_decor_lopped
D:8:      grunt_temple_overflow_champion_of_chaos, lemuel_doored_altar,
          gammafunk_temple_overflow_forgotten, uniq_gastronok, uniq_erica
D:9:      lemuel_crystal_altar, zombieorc2_lemuel, basic_altar, grunt_ogre_cave
D:11:     dpeg_lair_monsters, basic_altar
Lair:1:   grunt_megastairs_5
Lair:2:   nicolae_spider_entry_non_spiders, grunt_forest_small_clearings
Lair:3:   minmay_swamp_entry_reptiles, gammafunk_ghost_split
Lair:4:   st_stairs_5, uniq_sonja

Skill      XL: |  1  2  3  4  5  6  7  8  9 10 11 12 |
---------------+-------------------------------------+-----
Unarmed Combat | 1 |  1.7
Stealth        | 3 4 5 |  5.9
Polearms       | 1 2 3 4 5 7 8 9 10 | 10.3
Fighting       | 1 2 3 |  3.5
Shields        | 1 2 3 5 6 8 9 10 | 10.0
Dodging        | 3 4 5 6 7 |  7.7
Summonings     | 1 3 4 5 |  5.4
Charms         | 1 3 4 5 |  5.4
Spellcasting   | 3 4 5 |  5.9
Air Magic      | 2 3 |  3.6
Ice Magic      | 2 |  2.3
Necromancy     | |  4.0

Action                   |  1- 3 |  4- 6 |  7- 9 | 10-12 || total
-------------------------+-------+-------+-------+-------++-------
Melee: Unarmed           |    12 |       |       |       ||    12
       Constrict         |    15 |    30 |    40 |    54 ||   139
       Tentacles         |     8 |    16 |    34 |   103 ||   161
       Trident           |    61 |   141 |   225 |   583 ||  1010
       Punch             |       |     2 |       |     5 ||     7
       Kick              |       |       |    37 |   182 ||   219
 Cast: Pain              |    10 |       |       |       ||    10
       Regeneration      |     1 |    12 |    24 |    23 ||    60
       Animate Skeleton  |       |       |       |     1 ||     1
Invok: Curse Item        |       |       |     2 |       ||     2
Evoke: Wand              |       |       |     9 |    14 ||    23
       Lamp of fire      |       |       |       |     1 ||     1
  Use: Scroll            |     7 |     1 |     5 |     7 ||    20
       Potion            |       |       |    11 |       ||    11
 Stab: Sleeping          |     8 |     7 |    10 |    12 ||    37
       Distracted        |       |       |     2 |     2 ||     4
  Eat: Chunk             |       |     5 |    10 |    12 ||    27
Armor: Skin              |     5 |    14 |    16 |    33 ||    68
Dodge: Dodged            |    39 |   102 |    91 |   151 ||   383
Block: Large shield      |       |       |    55 |    59 ||   114
       Shield            |       |       |       |   134 ||   134

Table legend:
 A = Spawn XP
 B = Non-spawn XP
 C = Spawn XP percentage of total XP
 D = Spawn monster count
 E = Non-spawn monster count
 F = Spawn count percentage of total count
 G = Total turns spent on level
                    A         B        C        D         E        F      G
               +---------+---------+-------+---------+---------+-------+---------
         Total |       0 |   25880 |   0.0 |       0 |     287 |   0.0 |  6351
               +---------+---------+-------+---------+---------+-------+---------
           D:1 |       0 |      39 |   0.0 |       0 |      17 |   0.0 |   412
           D:2 |       0 |     137 |   0.0 |       0 |      34 |   0.0 |   513
           D:3 |       0 |      83 |   0.0 |       0 |       8 |   0.0 |   558
           D:4 |       0 |     364 |   0.0 |       0 |      14 |   0.0 |   376
           D:5 |       0 |     432 |   0.0 |       0 |       9 |   0.0 |   331
           D:6 |       0 |     545 |   0.0 |       0 |      19 |   0.0 |   452
           D:7 |       0 |     455 |   0.0 |       0 |       4 |   0.0 |   341
           D:8 |       0 |    3152 |   0.0 |       0 |      28 |   0.0 |   750
           D:9 |       0 |    3831 |   0.0 |       0 |      69 |   0.0 |   420
          D:10 |       0 |     958 |   0.0 |       0 |      14 |   0.0 |   331
          D:11 |       0 |     475 |   0.0 |       0 |       5 |   0.0 |   255
        Lair:1 |       0 |    2179 |   0.0 |       0 |      12 |   0.0 |   378
        Lair:2 |       0 |    4561 |   0.0 |       0 |      21 |   0.0 |   526
        Lair:3 |       0 |    5856 |   0.0 |       0 |      21 |   0.0 |   511
        Lair:4 |       0 |    1738 |   0.0 |       0 |      10 |   0.0 |   168
         Orc:1 |       0 |    1075 |   0.0 |       0 |       2 |   0.0 |    29
               +---------+---------+-------+---------+---------+-------+---------
